AoeStats
← Ux'RaúlME

Arabia

507361852Analyzed
1v1 RM · 15d ago on Sep 17, 2026· 43m 45s· 2 players
Game mode
Random Map
Map size
Tiny (2 player)
Population
200
Speed
Normal
Resources
Standard
Victory
Conquest
Starting age
Dark Age
Ending age
Imperial Age
RankedLock teamsTeams togetherTeam positionsShared explorationLock speedFull tech treeHidden civsTurbo modeCheats
Victory
Defeat
🇫🇷 Italians · France
1377
+14
🇲🇽 Franks · Mexico
1335
-14
Ux'RaúlME
6:46 Loom
7:10 Loom
7:22 Loom
7:55 Loom
10:37 Feudal Age
12:50 Double-Bit Axe
21:30 Castle Age
20:24 Fletching
22:01 Padded Archer Armor
21:56 Gold Mining
23:26 Bodkin Arrow
23:38 Scale Barding Armor
25:42 Elite Skirmisher
27:02 Husbandry
29:04 Wheelbarrow
29:24 Forging
29:46 Chain Barding Armor
33:03 Iron Casting
45:16 Imperial Age
constie
6:14 Loom
9:08 Feudal Age
9:21 Man-at-Arms
19:27 Castle Age
17:22 Stone Mining
18:29 Fletching
20:04 Double-Bit Axe
20:24 Bodkin Arrow
22:36 Gold Mining
26:56 Wheelbarrow
27:15 Padded Archer Armor
28:22 Bow Saw
32:05 Ballistics
35:45 Treadmill Crane
37:49 Horse Collar
41:37 Imperial Age
41:39 Scale Barding Armor
42:02 Forging
41:58 Heavy Plow
42:26 Bracer
42:40 Bloodlines
42:31 Husbandry
41:52 Light Cavalry
44:31 Leather Archer Armor
Connection lost

Rejoining the realm…

Still unreachable

The connection could not be restored.

Session expired

The server has moved on; the page needs a fresh start.